 Dungeon Crawl Stone Soup version 0.26.1-2-gb8aa6d0cf2 (webtiles) character file.

Game seed: 14895045837815163003

8438 pascalblue the Geomancer (level 11, -4/54 HPs)
             Began as a Deep Elf Earth Elementalist on Mar 29, 2021.
             Was a High Priest of Vehumet.
             Slain by a six-headed hydra (18 damage)
             ... on level 11 of the Dungeon on Mar 30, 2021.
             The game lasted 00:55:39 (12606 turns).

pascalblue the Geomancer (DEEE)                    Turns: 12606, Time: 00:55:39

Health: -4/54      AC:  5    Str:  5    XL:     11   Next: 9%
Magic:  7/28       EV: 17    Int: 24    God:    Vehumet [*****.]
Gold:   347        SH:  0    Dex: 15    Spells: 2/32 levels left

rFire    . . .     SeeInvis .   I - staff of air
rCold    . . .     Faith    .   (no shield)
rNeg     . . .     Spirit   .   c - +1 robe
rPois    +         Reflect  .   M - +1 hat
rElec    +         Harm     .   w - scarf {repulsion}
rCorr    .         Rampage  .   i - +0 pair of gloves
Will     +....                  (no boots)
Stlth    ++........             N - amulet of regeneration
HPRegen  0.58/turn              n - ring of poison resistance
MPRegen  0.21/turn              k - +4 ring of evasion

@: repel missiles
A: no striking features
a: Renounce Religion


You were on level 11 of the Dungeon.
You worshipped Vehumet.
Vehumet was extremely pleased with you.
You visited 1 branch of the dungeon, and saw 11 of its levels.

You collected 797 gold pieces.
You spent 450 gold pieces at shops.

Inventory:

Hand Weapons
 d - a +0 dagger
 o - a +3 short sword of speed
 s - a +1 short sword of protection
 x - a +2 mace of draining
 D - a +3 vorpal hunting sling
Missiles
 b - 42 stones
 j - 22 boomerangs
 r - 32 poisoned darts
Armour
 c - a +1 robe (worn)
 i - a +0 pair of gloves (worn)
 w - a scarf of repulsion (worn)
 M - a +1 hat (worn)
 O - a +0 troll leather armour
Magical Staves
 A - an uncursed staff of poison
 I - an uncursed staff of air (weapon)
Jewellery
 h - a -4 ring of strength
 k - a +4 ring of evasion (right hand)
 l - an uncursed ring of see invisible
 n - a ring of poison resistance (left hand)
 v - an uncursed ring of poison resistance
 L - an uncursed ring of protection from cold
 N - an amulet of regeneration (around neck)
Wands
 a - a wand of iceblast (6)
 G - a wand of digging (6)
Scrolls
 m - 9 scrolls of teleportation
 q - 7 scrolls of amnesia
 t - a scroll of identify
 y - a scroll of fear
 F - 3 scrolls of remove curse
 J - 2 scrolls of enchant armour
 K - a scroll of fog
Potions
 e - 3 potions of degeneration
 f - 4 potions of flight
 g - 3 potions of brilliance
 p - 3 potions of attraction
 u - 3 potions of lignification
 z - 2 potions of curing
 B - 2 potions of berserk rage
 C - a potion of invisibility
 E - a potion of ambrosia
 H - 2 potions of heal wounds


   Skills:
 - Level 3.0 Dodging
 - Level 2.4 Stealth
 + Level 11.3 Spellcasting
 + Level 7.4 Conjurations
 + Level 2.3 Hexes
 - Level 1.1 Transmutations
 - Level 7.5 Fire Magic
 * Level 2.5 Air Magic
 * Level 12.0 Earth Magic


You had 2 spell levels left.
You knew the following spells:

 Your Spells              Type           Power        Failure   Level
a - Sandblast             Erth           100%         1%          1
b - Stone Arrow           Conj/Erth      100%         1%          3
c - Foxfire               Conj/Fire      100%         1%          1
d - Lee's Rapid Deconstr  Erth           31%          1%          5
e - Shock                 Conj/Air       100%         1%          1
f - Dazzling Flash        Conj/Hex       74%          1%          3
g - Airstrike             Air            19%          4%          4
h - Yara's Violent Unrav  Hex/Tmut       10%          17%         5
i - Gell's Gravitas       Tloc           6%           14%         3
j - Leda's Liquefaction   Hex/Erth       24%          2%          4

Your spell library contained the following spells:

 Spells                   Type           Power        Failure   Level
 Fireball                 Conj/Fire      24%          1%          5
 Corona                   Hex            26%          1%          1
 Passwall                 Tmut/Erth      37%          1%          2
 Slow                     Hex            24%          2%          2
 Inner Flame              Hex/Fire       37%          1%          3
 Petrify                  Tmut/Erth      45%          3%          4
 Confusing Touch          Hex            24%          5%          3
 Portal Projectile        Hex/Tloc       38%          9%          3
 Cause Fear               Hex            12%          17%         4
 Metabolic Englaciation   Hex/Ice        9%           63%         5


Dungeon Overview and Level Annotations

Branches:
Dungeon (11/15)            Temple (0/1) D:6            Lair (0/6) D:10
    Orc (0/2) D:9

Altars:
Cheibriados
Dithmenos
Elyvilon
Kikubaaqudgha
Nemelex Xobeh
Okawaru
Qazlal
Sif Muna
Trog
Uskayaw
Vehumet
Zin
Beogh

Shops:
D:9 *   D:10 *


Message History

Confirm with . or Enter, or press ? or * to list all spells.
Aiming: Sandblast (safe; 1% risk of failure)
Press: ? - help, Shift-Dir - straight line The blast of sand hits the six-headed hydra!!
The six-headed hydra is severely wounded.
The six-headed hydra barely misses you. The six-headed hydra bites you. x3
The six-headed hydra barely misses you.
The six-headed hydra closely misses you.
Casting: Sandblast (safe; 1% risk of failure)
Confirm with . or Enter, or press ? or * to list all spells.
Aiming: Sandblast (safe; 1% risk of failure)
Press: ? - help, Shift-Dir - straight line The blast of sand hits the six-headed hydra!
The six-headed hydra is severely wounded.
The six-headed hydra misses you.
The six-headed hydra bites you but does no damage.
The six-headed hydra bites you!! The six-headed hydra bites you!
* * * LOW HITPOINT WARNING * * *
The six-headed hydra bites you!!
You die...

......# ......
..... .... .
##..### .#
###..$..#.###
#.......o....
#.@D..# ###
###†)†.## ..)
##....#..# #..
##..†..##...#
#...##.............
#...<...#....?....
#..##..#.#.........
...
......#..)...... .
#..#...........


You could see a six-headed hydra and an orc warrior.

Vanquished Creatures
  Joseph (D:7)
  A gargoyle (D:10)
  A troll (D:10)
  Grinder (D:3)
  Eustachio (D:6)
  A wraith (D:10)
  A wyvern (D:10)
  A steam dragon (D:7)
  9 orc warriors
  2 sky beasts (D:8)
  2 phantoms (D:9)
  A black bear (D:6)
  A hornet zombie (D:8)
  3 ice beasts
  7 ogres
  6 centaurs
  10 bullfrogs
  A water moccasin skeleton (D:8)
  4 scorpions
  5 killer bees (D:10)
  5 wights (D:9)
  3 howler monkeys (D:8)
  A quasit (D:7)
  A bullfrog zombie (D:7)
  3 centaur skeletons
  8 hounds
  6 jellies
  3 bullfrog skeletons
  8 orc priests
  16 orc wizards
  A gnoll shaman (D:7)
  3 iguanas
  2 worker ants
  A hound zombie (D:6)
  17 gnolls
  19 adders
  3 shadow imps
  5 white imps
  4 ufetubi
  An ooze (D:1)
  An adder skeleton (D:5)
  5 worms
  3 dart slugs
  9 leopard geckos
  84 orcs
  7 bats
  5 giant cockroaches
  5 goblins
  5 hobgoblins
  17 jackals
  6 kobolds
  3 quokkas
  A ball python (D:1)
  2 frilled lizards (D:2)
  2 jackal skeletons
  2 quokka skeletons
  12 rats
338 creatures vanquished.

Vanquished Creatures (others)
  11 foxfires
11 creatures vanquished.

Grand Total: 349 creatures vanquished

Notes
Turn   | Place    | Note
-------+----------+-------------------------------------------
     0 | D:1      | pascalblue the Deep Elf Earth Elementalist began the quest
                  | for the Orb.
     0 | D:1      | Reached XP level 1. HP: 10/10 MP: 6/6
   246 | D:1      | Reached XP level 2. HP: 5/15 MP: 6/8
  1097 | D:1      | Reached XP level 3. HP: 13/19 MP: 7/10
  1101 | D:1      | Learned a level 3 spell: Stone Arrow
  1314 | D:2      | Found a radiant altar of Vehumet.
  1324 | D:2      | Reached skill level 4 in Earth Magic
  1326 | D:2      | Became a worshipper of Vehumet
  1791 | D:2      | Reached XP level 4. HP: 19/24 MP: 10/12
  2080 | D:3      | Reached * piety under Vehumet
  2080 | D:3      | Offered knowledge of Foxfire by Vehumet.
  2085 | D:3      | Reached skill level 5 in Spellcasting
  2088 | D:3      | Learned a level 1 spell: Foxfire
  2503 | D:3      | Noticed Grinder
  2506 | D:3      | Paralysed by Grinder for 7 turns
  2518 | D:3      | Killed Grinder
  2519 | D:3      | Reached skill level 1 in Fire Magic
  2519 | D:3      | Reached skill level 5 in Earth Magic
  2519 | D:3      | Reached XP level 5. HP: 13/28 MP: 8/15
  2519 | D:3      | Reached XP level 6. HP: 15/32 MP: 9/17
  2525 | D:3      | Learned a level 5 spell: Lee's Rapid Deconstruction
  3471 | D:4      | Reached skill level 6 in Earth Magic
  3558 | D:4      | Reached XP level 7. HP: 36/36 MP: 15/19
  3902 | D:4      | Found a sparkling altar of Nemelex Xobeh.
  4101 | D:4      | Reached skill level 1 in Conjurations
  4277 | D:4      | Found a stormy altar of Qazlal.
  4343 | D:5      | Entered Level 5 of the Dungeon
  4617 | D:5      | Offered knowledge of Shock by Vehumet.
  4620 | D:5      | Learned a level 1 spell: Shock
  4683 | D:5      | Reached ** piety under Vehumet
  5722 | D:6      | Reached skill level 7 in Earth Magic
  5889 | D:6      | Reached XP level 8. HP: 41/41 MP: 11/21
  6260 | D:6      | Offered knowledge of Dazzling Flash by Vehumet.
  6266 | D:6      | Learned a level 3 spell: Dazzling Flash
  6279 | D:6      | Reached skill level 8 in Earth Magic
  6279 | D:6      | Reached *** piety under Vehumet
  6614 | D:6      | Noticed Eustachio
  6631 | D:6      | Found a bloodstained altar of Trog.
  6632 | D:6      | Found an iron altar of Okawaru.
  6645 | D:6      | Killed Eustachio
  6944 | D:6      | Found a staircase to the Ecumenical Temple.
  7220 | D:7      | Found a hide-covered altar of Uskayaw.
  7370 | D:7      | Reached skill level 5 in Fire Magic
  7370 | D:7      | Reached XP level 9. HP: 45/45 MP: 15/23
  7374 | D:7      | Offered knowledge of Airstrike by Vehumet.
  7513 | D:7      | Noticed Joseph
  7532 | D:7      | Killed Joseph
  7533 | D:7      | Reached skill level 9 in Earth Magic
  7952 | D:7      | Reached skill level 5 in Conjurations
  8081 | D:7      | Reached **** piety under Vehumet
  8478 | D:8      | Reached skill level 10 in Earth Magic
  8596 | D:8      | Learned a level 4 spell: Airstrike
  8602 | D:8      | Learned a level 5 spell: Yara's Violent Unravelling
  8606 | D:8      | Learned a level 3 spell: Gell's Gravitas
  8607 | D:8      | Offered knowledge of Hailstorm by Vehumet.
  8634 | D:8      | Reached skill level 10 in Spellcasting
  8853 | D:8      | Found a roughly hewn altar of Beogh.
  8856 | D:8      | Reached XP level 10. HP: 50/50 MP: 11/26
  9522 | D:8      | Reached ***** piety under Vehumet
  9567 | D:8      | Offered knowledge of Eringya's Noxious Bog by Vehumet.
  9831 | D:8      | Found a shimmering blue altar of Sif Muna.
  9832 | D:8      | Found a snail-covered altar of Cheibriados.
  9836 | D:8      | Found an ancient bone altar of Kikubaaqudgha.
  9836 | D:8      | Found a shadowy altar of Dithmenos.
 10493 | D:9      | Found a white marble altar of Elyvilon.
 10522 | D:9      | Reached skill level 11 in Earth Magic
 10734 | D:9      | Found Zin's Purification Station.
 10737 | D:9      | Found a glowing silver altar of Zin.
 10779 | D:9      | Found a staircase to the Orcish Mines.
 11501 | D:9      | Learned a level 4 spell: Leda's Liquefaction
 11740 | D:10     | Entered Level 10 of the Dungeon
 11875 | D:10     | Reached skill level 1 in Hexes
 11875 | D:10     | Reached skill level 1 in Air Magic
 12033 | D:10     | Offered knowledge of Fireball by Vehumet.
 12120 | D:10     | Found a staircase to the Lair.
 12209 | D:10     | Found Jakhucak's General Store.
 12212 | D:10     | Bought an uncursed amulet of regeneration for 450 gold
                  | pieces
 12258 | D:10     | Noticed a gargoyle
 12262 | D:10     | Killed a gargoyle
 12263 | D:10     | Reached XP level 11. HP: 30/54 MP: 22/28
 12585 | D:11     | Reached skill level 12 in Earth Magic
 12601 | D:11     | Noticed a six-headed hydra
 12606 | D:11     | Slain by a six-headed hydra

Illustrated notes

Levels and vault maps discovered:
D:1:      dpeg_arrival_ratfight, layout_basic, hangedman_decor_clover_reticule,
          supply_closet_lemuel
D:2:      layout_loops_ring, old_standard_altar
D:3:      layout_basic, wad_orctagon, uniq_grinder
D:4:      layout_loops_ring, lemuel_crystal_altar,
          nicolae_qazlal_eye_of_the_storm
D:5:      layout_loops_corners, serial_co_window_serial, co_window_paths_a,
          co_window_paths_b, co_window_paths_a, co_window_cross_1,
          co_window_corner_a, co_window_unsneaky_path_a, co_window_corner_b,
          co_window_broadway_a
D:6:      minmay_octagon_keep, layout_basic, grunt_temple_overflow_bloody_war,
          minmay_temple_entry_enclosed_plants, hangedman_minor_gate_pass,
          uniq_eustachio
D:7:      layout_gridville, kennysheep_little_box, uniq_joseph
D:8:      layout_basic, grunt_temple_overflow_open, serial_glass,
          glass_columns_c, glass_columns_a, special_room [special_room_orc]
D:9:      layout_basic, zin_purify, hiddenorc1_lemuel, basic_altar, minivault_26
D:10:     layout_irregular_city, dpeg_oklobed_lair, serial_shops,
          nicolae_shop_behind_doors
D:11:     layout_rooms, gammafunk_ghost_berserking_beasts, serial_shops, shop

Skill      XL: |  1  2  3  4  5  6  7  8  9 10 11 |
---------------+----------------------------------+-----
Earth Magic    | 4 5 6 7 8 10 11 12 | 12.0
Spellcasting   | 4 6 7 8 10 11 | 11.3
Dodging        | 3 |  3.0
Fire Magic     | 1 2 3 5 6 7 |  7.5
Conjurations   | 2 4 5 7 |  7.4
Hexes          | 2 |  2.3
Air Magic      | 2 |  2.5
Stealth        | |  2.4
Transmutations | |  1.1

Action                   |  1- 3 |  4- 6 |  7- 9 | 10-12 || total
-------------------------+-------+-------+-------+-------++-------
Melee: Unarmed           |    19 |       |       |       ||    19
       Short sword       |     5 |    14 |    45 |       ||    64
       Dagger            |     3 |       |       |       ||     3
 Fire: Hunting sling     |       |       |     2 |     2 ||     4
 Cast: Sandblast         |    55 |    52 |   142 |    92 ||   341
       Stone Arrow       |       |       |    28 |    44 ||    72
       Lee's Rapid Decon |       |       |    36 |    43 ||    79
       Foxfire           |       |       |     6 |       ||     6
       Shock             |       |       |     1 |       ||     1
  Use: Scroll            |     6 |     3 |    11 |     3 ||    23
       Potion            |       |       |     2 |       ||     2
 Stab: Sleeping          |     3 |     6 |     5 |       ||    14
Armor: Robe              |    17 |     4 |     9 |     3 ||    33
Dodge: Dodged            |    28 |    14 |    76 |    40 ||   158
       Repelled          |       |       |     2 |       ||     2
